 Dungeon Crawl Stone Soup version 0.29-a0-878-g7b45a56547 (webtiles) character file.

Game seed: 15803388497337568266

1225 Malachi the Thaumaturge (level 8, -5/58 HPs)
             Began as a Mummy Cinder Acolyte on July 20, 2022.
             Was a High Priest of Ignis.
             Slain by Duvessa
             ... wielding a +0 rapier
              (7 damage)
             ... on level 5 of the Dungeon.
             The game lasted 00:12:14 (6222 turns).

Malachi the Thaumaturge (Mummy Cinder Acolyte)      Turns: 6222, Time: 00:12:15

Health: -5/58      AC:  6    Str: 17    XL:     8   Next: 23%
Magic:  16/23      EV: 15    Int: 15    God:    Ignis [*****.]
Gold:   202        SH:  0    Dex:  8    Spells: 27/29 levels left

rFire   . . .      SeeInvis .   a - -1 mace (flame)
rCold   + . .      Faith    .   (no shield)
rNeg    + + +      Spirit   .   b - +0 robe
rPois   ∞          Reflect  .   v - +1 hat
rElec   .          Harm     .   k - +1 cloak
rCorr   .          Rampage  .   (no gloves)
Will    +....                   c - +0 pair of boots
Stlth   +.........              m - amulet of magic regeneration
HPRegen 0.19/turn               n - +4 ring of evasion
MPRegen 0.58/turn               (no ring)

@: no status effects
A: cold resistance 1, negative energy resistance 3, torment resistance 2, heat
vulnerability 1, in touch with death 1, no potions
a: Renounce Religion, Fiery Armour, Foxfire Swarm, Rising Flame


You were on level 5 of the Dungeon.
You worshipped Ignis.
Ignis was extremely pleased with you.
You visited 1 branch of the dungeon, and saw 6 of its levels.
You also visited: Sewer.

You collected 280 gold pieces.
You spent 78 gold pieces at shops.

Inventory:

Hand Weapons
 a - a -1 mace of flaming (weapon)
Missiles
 j - 5 curare-tipped darts
Armour
 b - a +0 robe (worn)
 c - a +0 pair of boots (worn)
 k - a +1 cloak (worn)
 u - a +0 helmet
 v - a +1 hat (worn)
Jewellery
 m - an amulet of magic regeneration (around neck)
 n - a +4 ring of evasion (left hand)
Wands
 t - a wand of flame (25)
 w - a wand of paralysis (5)
Scrolls
 e - 2 scrolls of brand weapon
 f - 2 scrolls of poison
 g - 2 scrolls of teleportation
 h - a scroll of fog
 i - a scroll of amnesia
 l - 2 scrolls of magic mapping
 o - 2 scrolls of enchant weapon
 p - 3 scrolls of noise {unknown}
 r - a scroll of fear {unknown}
 s - 3 scrolls of immolation {unknown}


   Skills:
 - Level 3.0 Fighting
 - Level 2.4 Maces & Flails
 - Level 11.0 Spellcasting
 + Level 3.9 Fire Magic


You had 27 spell levels left.
You knew the following spells:

 Your Spells              Type           Power      Damage    Failure   Level
a - Scorch                Fire           40%        2d7       2%          2

Your spell library contained the following spells:

 Spells                   Type           Power      Damage    Failure   Level
 Static Discharge         Conj/Air       8%         3-4/arc   13%         2
 Sticky Flame             Conj/Fire      14%        2d4       36%         4
 Dispel Undead            Necr           12%        3d9       65%         4


Dungeon Overview and Level Annotations

Branches:
Dungeon (6/15)              Sewer (visited)
 Temple: D:4-7

Altars:
Nemelex Xobeh
Sif Muna

Shops:
D:3 ?[=!

Annotations:
D:1 1 transporter
D:5 Duvessa


Innate Abilities, Weirdness & Mutations

You are immune to poison.
Your flesh is cold resistant. (rC+)
You are immune to negative energy. (rN+++)
You are immune to unholy pain and torment.
You are vulnerable to heat. (rF-)
You are in touch with the powers of death.
You do not drink.


Message History

Your jelly hits Duvessa but does no damage.
Casting: Scorch (safe; 2% risk of failure)
Press: ? - help, Q - select action, (/) - cycle Dir - look around, f - activate Flames lash the iguana.
The iguana is burned terribly!
You kill the iguana!
Duvessa hits your jelly with a +0 rapier!
The acid corrodes Duvessa!
Duvessa is burned by acid!
Your howler monkey closely misses Duvessa.
Duvessa hits your jelly with a +0 rapier!
Your jelly dies!
Your jelly dissolves into shadows!
Casting: Scorch (safe; 2% risk of failure)
Press: ? - help, Q - select action, (/) - cycle Dir - look around, f - activate Flames lash Duvessa.
Duvessa shouts!
Duvessa is lightly wounded.
Duvessa's fire resistance burns away.
Your howler monkey hits Duvessa.
Duvessa hits you with a +0 rapier!
Casting: Scorch (safe; 2% risk of failure)
Press: ? - help, Q - select action, (/) - cycle Dir - look around, f - activate Flames lash Duvessa.
Duvessa is burned terribly!
Duvessa is moderately wounded.
Duvessa hits you with a +0 rapier!
* * * LOW HITPOINT WARNING * * *
Your howler monkey closely misses Duvessa.
Duvessa hits you with a +0 rapier.
* * * LOW HITPOINT WARNING * * *
Your howler monkey barely misses Duvessa.
Okay, then.
Aiming: Paralyse
Press: ? - help, Shift-Dir - straight line, f - Duvessa
Aim: Duvessa, wielding a +0 rapier and wearing a +0 ring mail of willpower (moderately wounded, berserk, more vulnerable to fire, covered in acid, ally target, chance to affect: 7%) Duvessa resists with almost no effort.
Duvessa hits you with a +0 rapier.
* * * LOW HITPOINT WARNING * * *
Your howler monkey barely misses Duvessa.
Aiming: Paralyse
Press: ? - help, Shift-Dir - straight line, f/p - Duvessa
Aim: Duvessa, wielding a +0 rapier and wearing a +0 ring mail of willpower (moderately wounded, berserk, more vulnerable to fire, covered in acid, ally target, chance to affect: 7%) Duvessa resists with almost no effort.
Duvessa hits you with a +0 rapier!
You die...

...# #.#..###'####.#
#.### .### #.#..#
#......# #.... .#
#....# #......# #####
.# ###### ##...#
#.....## .#####....#
##...#########
..........# #.....#
...###....# #.....###
...#####'##
#.....'.############
...'...#.#
#..)@.#.##.........#
...###.#.#
#...e†+.##.........##
...# #...#
#...h.####...........
#### ##### #.....#
#######'#### #######
#.### #...# ###.##
#... ####


You could see Duvessa (berserk, combustible, corroded, ally target) and a
friendly howler monkey (summoned).

Vanquished Creatures
  Sigmund (D:5)
  Eustachio (D:5)
  Menkaure (D:4)
  An ogre (D:6)
  3 scorpions
  2 orc priests
  A hound (D:5)
  A hell rat (Sewer)
  Ijyb (D:4)
  3 iguanas (D:5)
  2 orc wizards
  8 gnolls
  2 river rats (Sewer)
  6 adders
  A shadow imp (D:3)
  4 worms
  3 dart slugs
  6 orcs
  6 endoplasms
  3 giant cockroaches
  7 goblins
  11 hobgoblins
  6 jackals (D:2)
  5 quokkas
  4 ball pythons
  4 bats
  2 frilled lizards (D:1)
  6 kobolds
  7 rats
108 creatures vanquished.

Vanquished Creatures (collateral kills)
  Dowan (D:5)
1 creature vanquished.

Vanquished Creatures (others)
  21 foxfires (D:4)
21 creatures vanquished.

Grand Total: 130 creatures vanquished

Notes
Turn   | Place    | Note
-------+----------+-------------------------------------------
     0 | D:1      | Malachi the Mummy Cinder Acolyte began the quest for the
                  | Orb.
     0 | D:1      | Reached XP level 1. HP: 18/18 MP: 2/2
   184 | D:1      | Reached skill level 2 in Spellcasting
   462 | D:1      | Reached XP level 2. HP: 16/24 MP: 5/5
   465 | D:1      | Learned a level 2 spell: Scorch
   795 | D:1      | Reached skill level 3 in Spellcasting
  1876 | D:1      | Gained mutation: You are in touch with the powers of death.
                  | [Mummy growth]
  1876 | D:1      | Reached XP level 3. HP: 29/29 MP: 5/8
  2031 | D:2      | Reached skill level 4 in Spellcasting
  2955 | D:3      | Found Yxid's Distillery.
  2969 | D:3      | Reached XP level 4. HP: 27/35 MP: 1/10
  3295 | D:3      | Found Vucver's Magic Scroll Boutique.
  3307 | D:3      | Bought a scroll of identify for 26 gold pieces
  3310 | D:3      | Bought a scroll of identify for 26 gold pieces
  3310 | D:3      | Bought a scroll of identify for 26 gold pieces
  3339 | D:3      | Found Keab Fuwn's Armour Boutique.
  3369 | D:3      | Reached skill level 5 in Spellcasting
  3456 | D:3      | Reached XP level 5. HP: 33/41 MP: 9/13
  3577 | D:3      | Found Plog's Jewellery Shoppe.
  3658 | D:3      | Reached skill level 6 in Spellcasting
  3920 | D:4      | Noticed Menkaure
  3924 | D:4      | Killed Menkaure
  3925 | D:4      | Reached skill level 7 in Spellcasting
  3925 | D:4      | Reached XP level 6. HP: 47/47 MP: 9/16
  4051 | D:4      | Noticed Ijyb
  4070 | D:4      | Killed Ijyb
  4072 | D:4      | Reached skill level 8 in Spellcasting
  4078 | D:5      | Entered Level 5 of the Dungeon
  4151 | D:5      | Found a glowing drain.
  4172 | Sewer    | Entered a sewer
  4306 | D:5      | Noticed Eustachio
  4313 | D:5      | Killed Eustachio
  4314 | D:5      | Reached skill level 9 in Spellcasting
  4314 | D:5      | Reached XP level 7. HP: 35/52 MP: 8/19
  4467 | D:5      | Noticed Sigmund
  4476 | D:5      | Killed Sigmund
  4477 | D:5      | Reached skill level 10 in Spellcasting
  5186 | D:4      | Reached skill level 11 in Spellcasting
  5314 | D:4      | Found a sparkling altar of Nemelex Xobeh.
  5494 | D:4      | Reached XP level 8. HP: 40/58 MP: 14/23
  5853 | D:4      | Found a shimmering blue altar of Sif Muna.
  6204 | D:6      | Noticed Duvessa
  6204 | D:6      | Noticed Dowan
  6216 | D:5      | Killed Dowan
  6221 | D:5      | HP: 2/58 [Duvessa/+0 rapier (6)]
  6222 | D:5      | Slain by Duvessa

Illustrated notes

Levels and vault maps discovered:
D:1:      spicycebolla_arrival_transporter_tutorial, layout_basic
D:2:      layout_rooms, minmay_fountain_box
D:3:      cheibrodos_pilgrimage, layout_rooms, serial_shops,
          nicolae_shop_hallway_stairs, shop, shop_scrolls, shop, st_stairs_2
D:4:      layout_basic, nemelex_diamond_rough_becter,
          mainiacjoe_overflow_surrounded_room, uniq_ijyb, uniq_menkaure
D:5:      layout_basic, cheibrodos_sewer_entry_sluice, uniq_eustachio,
          uniq_sigmund
D:6:      layout_cave_pools, mainiacjoe_overflow_boulevard, cheibriados_altar_1,
          grunt_dithmenos_smoke, trog_ov_bears_minmay,
          minmay_temple_entry_offerings, nicolae_shop_sticking_my_neck_out,
          uniq_duvessa

Skill      XL: |  1  2  3  4  5  6  7  8 |
---------------+-------------------------+-----
Spellcasting   | 2 3 4 5 7 9 11 | 11.0
Fire Magic     | 3 |  3.9
Fighting       | |  3.0
Maces & Flails | |  2.4

Action                   |  1- 3 |  4- 6 |  7- 9 || total
-------------------------+-------+-------+-------++-------
Melee: Mace              |    39 |    12 |       ||    51
 Cast: Scorch            |    43 |    86 |    63 ||   192
Invok: Foxfire Swarm     |       |     1 |       ||     1
Evoke: Wand              |       |       |     2 ||     2
  Use: Scroll            |       |     7 |     3 ||    10
Armor: Robe              |     8 |     5 |     4 ||    17
Dodge: Dodged            |    23 |    23 |    18 ||    64

Table legend: (Time is in decaauts)
 A = Elapsed time spent in this place.
 B = Non-inter-level travel time spent in this place.
 C = Inter-level travel time spent in this place.
 D = Time resting spent in this place.
 E = Time spent auto-exploring this place.
 F = Levels seen in this place.
 G = Mean time per level.
                   A        B        C        D        E       F      G
               +--------+--------+--------+--------+--------+-----+--------+
         Total |   6259 |   6025 |    234 |   1180 |   4078 |   7 |  894.1 |
       Dungeon |   6146 |   5912 |    234 |   1172 |   4040 |   6 | 1024.3 |
         Sewer |    112 |    112 |      0 |      8 |     37 |   1 |  112.0 |
               +--------+--------+--------+--------+--------+-----+--------+

Top non-repeatable levels by time:
     D:1: 2045 daAuts
     D:4: 1212 daAuts
     D:5: 1076 daAuts
     D:2: 927 daAuts
     D:3: 865 daAuts
   Sewer: 112 daAuts
     D:6: 19 daAuts
